 Dungeon Crawl Stone Soup version 0.31-a0-542-gdc2a67831c (webtiles) character file.

Game seed: 11183075818742684105

2030 LeprechaunX the Changeling (level 9, -1/61 HPs)
             Began as an Octopode Shapeshifter on Aug 14, 2023.
             Slain by a wight
             ... wielding a +0 morningstar
              (14 damage)
             ... on level 8 of the Dungeon.
             The game lasted 00:11:38 (6580 turns).

LeprechaunX the Changeling (Octopode Shapeshifter)  Turns: 6580, Time: 00:11:38

Health: -1/61      AC:  1    Str: 16    XL:     9   Next: 23%
Magic:  9/9        EV: 17    Int: 17    God:
Gold:   291        SH:  9    Dex: 14    Spells: 8/8 levels left

rFire   . .          .
                       - Unarmed
rCold   . . .        w - +0 kite shield
rNeg    . . .        (helmet currently unavailable)
rPois   .            (no amulet)
rElec   .            g - +6 ring of intelligence
rCorr   .            B - +5 ring of evasion
SInv    .            F - ring of flight
Will    .....        (no ring)
Stlth   ++           (no ring)
HPRegen 0.30/turn    (no ring)
MPRegen 0.11/turn    (no ring)
                     (no ring)

%: no passive effects
@: lethally poisoned (-1 -> -5), beast-form, flying
A: beast (slay +4), almost no armour, amphibious, 8 rings, camouflage 1,
gelatinous body 1, (nimble swimmer 1), tentacles
a: Begin Untransformation


You were on level 8 of the Dungeon.
You were a hulking beast.
You visited 1 branch of the dungeon, and saw 8 of its levels.

You collected 291 gold pieces.

Inventory:

Hand Weapons
 a - a +1 hand crossbow of flaming
Armour
 s - a +0 tower shield
 w - a +0 kite shield (worn)
Jewellery
 g - a +6 ring of intelligence (left tentacle)
 B - a +5 ring of evasion (right tentacle)
 C - an amulet of faith
 F - a ring of flight (on tentacle)
Talismans
 b - a beast talisman (active)
 c - a flux talisman
Wands
 m - a wand of polymorph (8)
 r - a wand of digging (8)
 y - a wand of acid (7) (quivered)
 A - a wand of flame (24)
 D - a wand of paralysis (10)
Scrolls
 f - 3 scrolls of teleportation
 h - a scroll of blinking {unknown}
 i - a scroll of torment {unknown}
 k - 2 scrolls of identify {unknown}
 l - 3 scrolls of revelation {unknown}
 o - a scroll of enchant armour {unknown}
 p - a scroll of poison {unknown}
 q - a scroll of immolation {unknown}
 t - 5 scrolls of enchant weapon {unknown}
 u - a scroll of fear {unknown}
 v - a scroll of vulnerability {unknown}
 z - a scroll of summoning {unknown}
 H - a scroll of noise {unknown}
Potions
 d - 3 potions of brilliance {unknown}
 e - 5 potions of curing {unknown}
 j - 4 potions of haste {unknown}
 n - a potion of might {unknown}
 x - a potion of cancellation {unknown}
 E - a potion of magic {unknown}
 G - a potion of lignification


   Skills:
 + Level 5.2 Fighting
 - Level 3.0 Dodging
 + Level 4.5 Shields
 + Level 6.0 Unarmed Combat
 * Level 7.0 Shapeshifting


You had 8 spell levels left.
You didn't know any spells.
Your spell library contained the following spells:

 Spells                   Type           Power      Damage    Failure   Level
 Cigotuvi's Dreadful Rot  Necr/Pois/Air  0%         N/A       69%         2
 Ensorcelled Hibernation  Hex/Ice        0%         N/A       69%         2
 Passwall                 Tmut/Erth      0%         N/A       69%         2
 Wereblood                Tmut           0%         N/A       69%         2
 Portal Projectile        Hex/Tloc       0%         N/A       89%         3
 Summon Guardian Golem    Hex/Summ       0%         N/A       89%         3
 Swiftness                Air            0%         N/A       89%         3
 Tukima's Dance           Hex            0%         N/A       89%         3
 Dispel Undead            Necr           0%         3d6       100%        4
 Iskenderun's Mystic Bla  Conj/Tloc      0%         2d3       100%        4
 Irradiate                Conj/Tmut      0%         3d11      100%        5
 Death Channel            Necr           0%         N/A       100%        6
 Orb of Destruction       Conj           0%         9d5       100%        7
 Spellforged Servitor     Conj/Summ      0%         N/A       100%        7


Dungeon Overview and Level Annotations

Branches:
Dungeon (9/15)             Temple (0/1) D:5
   Lair: D:8-11         Orc: D:9-12

Altars:
Cheibriados
Dithmenos
Gozag
Kikubaaqudgha
Nemelex Xobeh
Uskayaw
Vehumet
Zin

Shops:
D:8 !


Innate Abilities, Weirdness & Mutations

You are a hulking beast.
Your limbs bulge with bestial killing power. (Slay +4)
You cannot wear most types of armour.
You are amphibious.
You can wear up to eight rings at the same time.
Your skin changes colour to match your surroundings (Stealth+).
Your rubbery body absorbs attacks. (AC +1, EV +1)
((You are camouflaged when in or above water. (Stealth+)))
You have tentacles for arms and can constrict up to eight enemies at once.


Message History

The water moccasin is moderately wounded.
You block the wight's attack. The water moccasin bites you.
You barely miss the water moccasin. Your grab misses the water moccasin.
The water moccasin is moderately wounded.
You block the water moccasin's attack. You block the wight's attack.
You bludgeon the water moccasin! You grab the water moccasin.
You tentacle-slap the water moccasin!
The water moccasin is almost dead.
You constrict the water moccasin. The water moccasin bites you.
You are poisoned.
The water moccasin poisons you! The wight misses you.
You block the water moccasin's attack.
You tentacle-slap the water moccasin.
You kill the water moccasin!
You feel very sick. The wight barely misses you.
Your Unarmed Combat skill increases to level 6!
Unknown command.
You feel very sick.
Things that are here:
a +0 short sword; a +0 robe; a water moccasin corpse You tentacle-slap the wight.
You grab the wight.
You squeeze the wight, but do no damage.
The wight is moderately damaged.
You constrict the wight.
You feel sick. The wight closely misses you.
You tentacle-slap the wight.
The wight is severely damaged.
You constrict the wight.
You feel sick. The wight barely misses you. x2
You tentacle-slap the wight.
You destroy the wight!
You feel sick.
The wight hits you with a +0 morningstar!
* * * LOW HITPOINT WARNING * * *
Your Shapeshifting skill increases to level 7!
You bludgeon the wight! You grab the wight.
You squeeze the wight, but do no damage.
The wight is severely damaged.
You constrict the wight.
You feel sick.
The wight hits you with a +0 morningstar!
You die...

###################.#)#
.......).)............#
####....##......###.###
#....##......###.#
#....##).........#
#....##......#####
#...∩##......# ##
#######......##♣~.#
#.....)h.~P♣
#.....z##PP.# #####...
~~~# .......P.#
.........## #........##
#.....~... #........##


You could see a wight.

Vanquished Creatures
  Pikel (D:8)
  A hornet (D:8)
  2 water moccasins
  A black bear (D:8)
  An ogre (D:5)
  4 lemures (D:8)
  4 scorpions
  3 wights (D:8)
  A howler monkey (D:4)
  An electric eel (D:8)
  A hound (D:5)
  2 orc priests (D:4)
  2 iguanas
  Ijyb (D:5)
  Terence (D:2)
  6 orc wizards
  9 adders
  2 ufetubi (D:5)
  3 worms
  5 dart slugs
  13 orcs
  A bat (D:2)
  8 endoplasms
  A giant cockroach (D:4)
  11 goblins
  5 hobgoblins
  6 quokkas
  2 ball pythons
  3 frilled lizards
  6 kobolds
  6 rats
113 creatures vanquished.

Notes
Turn   | Place    | Note
-------+----------+-------------------------------------------
     0 | D:1      | LeprechaunX the Octopode Shapeshifter began the quest for
                  | the Orb.
     0 | D:1      | Reached XP level 1. HP: 13/13 MP: 1/1
    84 | D:1      | Found a faded altar of an unknown god.
   276 | D:1      | Reached XP level 2. HP: 17/18 MP: 2/2
   659 | D:2      | Reached XP level 3. HP: 23/23 MP: 3/3
   970 | D:2      | Noticed Terence
  1119 | D:2      | Killed Terence
  1120 | D:2      | Reached XP level 4. HP: 14/29 MP: 4/4
  1571 | D:3      | Found an ancient bone altar of Kikubaaqudgha.
  1597 | D:3      | Found a shadowy altar of Dithmenos.
  1633 | D:3      | Found a sparkling altar of Nemelex Xobeh.
  1636 | D:3      | Found a radiant altar of Vehumet.
  1636 | D:3      | Found a glowing silver altar of Zin.
  1643 | D:3      | Found a hide-covered altar of Uskayaw.
  1915 | D:3      | Reached XP level 5. HP: 33/34 MP: 5/5
  2451 | D:3      | Reached skill level 4 in Shapeshifting
  2731 | D:4      | Reached XP level 6. HP: 41/41 MP: 6/6
  2771 | D:4      | Reached skill level 1 in Shields
  3644 | D:5      | Entered Level 5 of the Dungeon
  3811 | D:5      | Reached XP level 7. HP: 45/46 MP: 7/7
  3927 | D:5      | Found an opulent altar of Gozag.
  4251 | D:5      | Reached skill level 5 in Shapeshifting
  4975 | D:5      | Noticed Ijyb
  4993 | D:5      | Paralysed by Ijyb for 2 turns
  5011 | D:5      | Killed Ijyb
  5109 | D:5      | Reached XP level 8. HP: 19/54 MP: 8/8
  5249 | D:5      | Found a staircase to the Ecumenical Temple.
  5410 | D:6      | Reached skill level 5 in Unarmed Combat
  5468 | D:6      | You fall into a shaft and drop 3 floors!
  5705 | D:9      | Found a snail-covered altar of Cheibriados.
  5831 | D:9      | Noticed a yak
  5831 | D:9      | Noticed a yak
  5832 | D:9      | Noticed a yak
  5832 | D:9      | Noticed a yak
  5860 | D:8      | Noticed a hornet
  5867 | D:8      | Killed a hornet
  5868 | D:8      | Reached skill level 6 in Shapeshifting
  6057 | D:8      | Noticed Pikel
  6273 | D:8      | Killed Pikel
  6274 | D:8      | Reached XP level 9. HP: 32/60 MP: 9/9
  6391 | D:8      | Reached skill level 5 in Fighting
  6492 | D:8      | Found Deddips's Distillery.
  6580 | D:8      | Reached skill level 7 in Shapeshifting
  6580 | D:8      | Slain by a wight

Illustrated notes

Levels and vault maps discovered:
D:1:      lightli_arrival_statuegarden, layout_basic,
          shapermc_ecumenical_altar_mp_highgroup
D:2:      layout_rooms, lightli_corner_chamber, uniq_terence
D:3:      layout_basic, mainiacjoe_overflow_alcove_4,
          nicolae_overflow_hallway_of_the_gods
D:4:      layout_basic
D:5:      layout_cave_pods, grunt_gozag_statues,
          minmay_temple_entry_from_below_a, minmay_ogre_servants, uniq_ijyb
D:6:      layout_rooms, minmay_crossroads
D:8:      layout_basic, serial_bayou, serial_bayou_lagoon_a,
          serial_bayou_pond_a, serial_bayou_pond_e, serial_bayou_shore_b,
          serial_shops, shop, fountainhead, uniq_pikel
D:9:      layout_basic, lemuel_coloured_pillars_altar, serial_shops, shop

Skill      XL: |  1  2  3  4  5  6  7  8  9 |
---------------+----------------------------+-----
Fighting       | 2 3 4 5 |  5.2
Shapeshifting  | 4 5 6 7 |  7.0
Dodging        | 3 |  3.0
Shields        | 1 3 4 |  4.5
Unarmed Combat | 4 5 6 |  6.0

Action                     |  1- 3 |  4- 6 |  7- 9 || total
---------------------------+-------+-------+-------++-------
  Melee: Unarmed           |    49 |    85 |   113 ||   247
         Constrict         |    10 |    27 |    31 ||    68
         Tentacles         |     9 |    24 |    39 ||    72
         Punch             |     1 |       |     8 ||     9
   Fire: Hand crossbow     |       |       |    10 ||    10
  Evoke: Wand              |       |       |     4 ||     4
    Use: Scroll            |       |     1 |       ||     1
   Stab: Sleeping          |     6 |     8 |     2 ||    16
 Armour: Skin              |     2 |     3 |     1 ||     6
  Dodge: Dodged            |    23 |    30 |    72 ||   125
  Block: Tower shield      |       |     3 |       ||     3
         Kite shield       |       |    15 |    37 ||    52

Table legend: (Time is in decaauts)
 A = Elapsed time spent in this place.
 B = Non-inter-level travel time spent in this place.
 C = Inter-level travel time spent in this place.
 D = Time resting spent in this place.
 E = Time spent auto-exploring this place.
 F = Levels seen in this place.
 G = Mean time per level.
                   A        B        C        D        E       F      G
               +--------+--------+--------+--------+--------+-----+--------+
         Total |   6589 |   6272 |    317 |   1111 |   4077 |   8 |  823.6 |
       Dungeon |   6589 |   6272 |    317 |   1111 |   4077 |   8 |  823.6 |
               +--------+--------+--------+--------+--------+-----+--------+

Top non-repeatable levels by time:
     D:5: 1659 daAuts
     D:3: 1353 daAuts
     D:4: 1049 daAuts
     D:8: 732 daAuts
     D:2: 664 daAuts
     D:1: 646 daAuts
     D:9: 388 daAuts
     D:6: 93 daAuts
